 Dungeon Sprint DCSS version 0.21.0-24-g2553a33 (webtiles) character file.

10700000 letownia2 the Axe Maniac (level 27, 0/273 HPs)
             Began as a Ghoul Fighter on Jan 21, 2018.
             Was the Champion of Makhleb.
             Killed from afar by a dread (47 damage)
             ... with damnation
             ... in the Dungeon (Sprint VIII: "Arena of Blood").
             The game lasted 00:03:16 (107 turns).

letownia2 the Axe Maniac (Ghoul Fighter)             Turns: 107, Time: 00:03:17

Health: 0/273      AC: 13    Str: 24    XL:     27
Magic:  41/53      EV: 30    Int:  3    God:    Makhleb [******]
Gold:   0          SH:  0    Dex: 17    Spells: 80/80 levels left

rFire    . . .     SeeInvis +   l - +∞ Axe of Woe
rCold    + . .     Gourm    .   (shield currently unavailable)
rNeg     + + +     Faith    .   b - +0 scale mail
rPois    ∞         Spirit   .   (no helmet)
rElec    .         Reflect  .   (no cloak)
rCorr    .         Harm     .   (no gloves)
MR       ++...     NoTele   +   (no boots)
Stlth    ++++++++..             (no amulet)
HPRegen  0.00/turn              m - ring of see invisible
MPRegen  0.33/turn              (no ring)

@: rotting
A: rotting body, claws 1, carnivore, cold resistance 1, negative energy
resistance 3, inhibited regeneration, torment resistance, unbreathing
a: Minor Destruction, Lesser Servant of Makhleb, Major Destruction, Greater
Servant of Makhleb, Renounce Religion


You were in the Dungeon.
You worshipped Makhleb.
Makhleb was exalted by your worship.
You were not hungry.

You visited 1 branch

Inventory:

Hand Weapons
 a - a +0 war axe
 l - the +∞ Axe of Woe (weapon)
   (You found it in the Dungeon)
Armour
 b - a +0 scale mail (worn)
 c - a +0 shield
Jewellery
 m - a ring of see invisible (left claw)
Scrolls
 k - a scroll of blinking
Potions
 d - a potion of might
 e - a potion of curing
 g - a potion of heal wounds
 h - a potion of haste
 i - 2 potions of magic
 j - a potion of berserk rage
Comestibles
 f - a ration


   Skills:
 O Level 27 Fighting
 O Level 27 Axes
 O Level 27 Throwing
 O Level 27 Armour
 O Level 27 Dodging
 O Level 27 Stealth
 O Level 27 Shields
 O Level 27 Unarmed Combat
 O Level 27 Spellcasting
 O Level 27 Invocations


You had 80 spell levels left.
You didn't know any spells.

Dungeon Overview and Level Annotations

Branches:
Dungeon (1/1)

Altars:
Makhleb


Innate Abilities, Weirdness & Mutations

Your body is rotting away.
You thrive on raw meat.
You are immune to poison.
You have sharp fingernails.
You are carnivorous and can eat meat at any time.
Your flesh is cold resistant. (rC+)
You are immune to negative energy. (rN+++)
You do not regenerate when monsters are visible.
You are immune to unholy pain and torment.
You can survive without breathing.


Message History

You destroy the crawling corpse!
The observer gazes at you. The bolt of fire hits you!
* * * LOW HITPOINT WARNING * * *
You hear a shout! x7
Unknown command.
Unknown command.
Unknown command.
Unknown command.
You slice the meat berserker!!
You pulverise the meat berserker into a thin bloody mist.
You kill the meat berserker!
Makhleb accepts your kill.
You feel better. The observer gazes at you.
The fireball explodes!
The fireball engulfs you!
* * * LOW HITPOINT WARNING * * *
The dread throws damnation at you.
The sphere of damnation explodes!
The damnation engulfs you!
You die...

)))......)......####
.##....)..)).......####
..........))).........#
#)#.%.....#)G.........#
).).....####D.........#
)).........)))........#
))).........).W#x.....#
§)....................#
)..............#@.....#
...#.........G..).....#
§).#...........##oo...#
.V.###.......... D.M..#
#o............## .oo..#
.............. ...o.#
.)#%......#.#. Lo...#
)_#...... .. W.o.=#
..#......


You could see an accursed, a tyrant, 2 eight-headed meat hydras, 2 observers, a
wretched soul (invisible), a dread, 7 bags of meat and a crawling corpse.

Vanquished Creatures
  Sigmund (D)
  A hell beast (D)
  2 greater mummies (D)
  2 great orbs of eyes (D)
  4 wraiths (D)
  Harold (D)
  12 vampire knights (D)
  32 ogres (D)
  5 two-headed ogres (D)
  2 liches (D)
  63 orcs (D)
  A phantom (D)
  3 skeletal warriors (D)
  6 large abominations (D)
  5 small abominations (D)
  10 crawling corpses (D)
150 creatures vanquished.

Vanquished Creatures (others)
  6 crawling corpses (D)
6 creatures vanquished.

Grand Total: 156 creatures vanquished

Notes
Turn   | Place    | Note
-------+----------+-------------------------------------------
     0 | D        | Found the +∞ Axe of Woe
     0 | D        | letownia2 the Ghoul Fighter began the quest for the Orb.
     0 | D        | Reached XP level 1. HP: 19/19 MP: 0/0
     2 | D        | Noticed a bag of meat
     4 | D        | Noticed a bag of meat
     5 | D        | Noticed a meat berserker
     6 | D        | Noticed a bag of meat
     6 | D        | Noticed a bag of meat
     9 | D        | Killed a bag of meat
     9 | D        | Reached skill level 15 in Armour
     9 | D        | Reached XP level 2. HP: 51/51 MP: 1/1
     9 | D        | Reached XP level 3. HP: 58/58 MP: 2/2
     9 | D        | Reached XP level 4. HP: 66/66 MP: 3/3
     9 | D        | Reached XP level 5. HP: 73/73 MP: 4/4
     9 | D        | Reached XP level 6. HP: 81/81 MP: 5/5
     9 | D        | Reached XP level 7. HP: 88/88 MP: 6/6
     9 | D        | Reached XP level 8. HP: 95/95 MP: 7/7
     9 | D        | Reached XP level 9. HP: 103/103 MP: 8/8
     9 | D        | Reached XP level 10. HP: 111/111 MP: 9/9
     9 | D        | Reached XP level 11. HP: 117/117 MP: 10/10
     9 | D        | Reached XP level 12. HP: 125/125 MP: 11/11
    10 | D        | Killed a meat berserker
    10 | D        | Reached skill level 15 in Dodging
    10 | D        | Reached XP level 13. HP: 62/133 MP: 12/12
    10 | D        | Reached XP level 14. HP: 65/140 MP: 13/13
    10 | D        | Killed a bag of meat
    11 | D        | Became a worshipper of Makhleb the Destroyer
    12 | D        | Killed a bag of meat
    12 | D        | Reached XP level 15. HP: 68/147 MP: 14/14
    14 | D        | Noticed a meat berserker
    14 | D        | Noticed a meat berserker
    14 | D        | Noticed a meat berserker
    16 | D        | Noticed a meat berserker
    17 | D        | Noticed a meat berserker
    17 | D        | Noticed a meat berserker
    17 | D        | Noticed a meat berserker
    18 | D        | Noticed a large bag of meat
    19 | D        | Killed a meat berserker
    19 | D        | Reached * piety under Makhleb
    19 | D        | Reached XP level 16. HP: 72/155 MP: 15/15
    19 | D        | Killed a large bag of meat
    20 | D        | Noticed a meat berserker
    20 | D        | Killed a meat berserker
    20 | D        | Reached skill level 27 in Axes
    20 | D        | Reached skill level 27 in Dodging
    20 | D        | Reached XP level 17. HP: 47/163 MP: 16/16
    21 | D        | Noticed a meat berserker
    22 | D        | Noticed a meat berserker
    22 | D        | Noticed a large bag of meat
    22 | D        | Killed a meat berserker
    22 | D        | Reached ** piety under Makhleb
    22 | D        | Reached XP level 18. HP: 122/185 MP: 17/17
    22 | D        | Killed a meat berserker
    22 | D        | Killed a meat berserker
    22 | D        | Reached skill level 27 in Fighting
    22 | D        | Reached XP level 19. HP: 207/207 MP: 18/18
    24 | D        | Noticed a meat berserker
    24 | D        | Noticed a meat berserker
    24 | D        | Killed a meat berserker
    24 | D        | Reached *** piety under Makhleb
    24 | D        | Reached skill level 27 in Armour
    24 | D        | Killed a meat berserker
    24 | D        | Reached skill level 10 in Throwing
    24 | D        | Reached XP level 20. HP: 216/216 MP: 18/34
    25 | D        | Killed a large bag of meat
    25 | D        | Reached **** piety under Makhleb
    25 | D        | Reached skill level 15 in Unarmed Combat
    25 | D        | Reached skill level 15 in Invocations
    25 | D        | Reached skill level 15 in Throwing
    25 | D        | Reached skill level 15 in Spellcasting
    25 | D        | Reached XP level 21. HP: 224/224 MP: 18/39
    25 | D        | Reached ***** piety under Makhleb
    25 | D        | Killed a meat berserker
    26 | D        | Noticed a destroyer
    27 | D        | Noticed a large bag of meat
    27 | D        | Reached XP level 22. HP: 207/233 MP: 18/42
    27 | D        | Reached ****** piety under Makhleb
    29 | D        | Reached skill level 27 in Stealth
    29 | D        | Reached XP level 23. HP: 240/240 MP: 19/47
    30 | D        | Reached skill level 27 in Shields
    30 | D        | Reached skill level 27 in Unarmed Combat
    30 | D        | Reached skill level 27 in Invocations
    30 | D        | Reached skill level 27 in Throwing
    30 | D        | Reached skill level 27 in Spellcasting
    30 | D        | Reached XP level 24. HP: 249/249 MP: 19/53
    32 | D        | Killed a large bag of meat
    32 | D        | Reached XP level 25. HP: 257/257 MP: 19/53
    33 | D        | Noticed a destroyer
    33 | D        | Noticed a destroyer
    36 | D        | Noticed a destroyer
    37 | D        | Noticed a destroyer
    38 | D        | Noticed a large bag of meat
    38 | D        | Noticed a destroyer
    38 | D        | Killed a destroyer
    40 | D        | Reached XP level 26. HP: 190/266 MP: 22/53
    40 | D        | Killed a destroyer
    40 | D        | Noticed a destroyer
    41 | D        | Reached XP level 27. HP: 273/273 MP: 22/53
    42 | D        | Noticed a destroyer
    42 | D        | Noticed a destroyer
    42 | D        | Noticed a destroyer
    43 | D        | Killed a destroyer
    44 | D        | Noticed a large bag of meat
    44 | D        | Killed a destroyer
    44 | D        | Killed a destroyer
    45 | D        | Killed a destroyer
    48 | D        | Killed a destroyer
    50 | D        | Killed a destroyer
    53 | D        | Killed a large bag of meat
    57 | D        | Killed a destroyer
    59 | D        | Noticed The Captor
    62 | D        | Killed a destroyer
    63 | D        | Noticed a dread
    64 | D        | Noticed a tyrant
    66 | D        | Killed The Captor
    66 | D        | Killed a large bag of meat
    70 | D        | Noticed a dread
    71 | D        | Killed a dread
    73 | D        | Noticed a meat beast
    73 | D        | Noticed a dread
    73 | D        | Noticed a dread
    74 | D        | Noticed The Servant
    74 | D        | Killed a tyrant
    76 | D        | Killed a dread
    77 | D        | Killed a meat beast
    79 | D        | Noticed an accursed
    80 | D        | Noticed a destroyer
    81 | D        | Noticed a tyrant
    81 | D        | Noticed a destroyer
    82 | D        | Killed The Servant
    84 | D        | Killed a dread
    86 | D        | Noticed a dread
    86 | D        | Killed a destroyer
    87 | D        | Killed an accursed
    89 | D        | Killed a tyrant
    89 | D        | Killed a dread
    90 | D        | Killed a destroyer
   101 | D        | Noticed a meat beast
   101 | D        | Noticed an accursed
   102 | D        | Noticed an accursed
   102 | D        | Killed an accursed
   104 | D        | Noticed a tyrant
   107 | D        | Killed from afar by a dread

Skill      XL: |  1  2  3  4  5  6  7  8  9 10 11 12 13 14 15 16 17 18 19 20 21 22 23 |
---------------+----------------------------------------------------------------------+-----
Fighting       | 17 18 22 27 | 27.0
Axes           | 8 16 20 23 27 | 27.0
Armour         | 15 19 26 27 | 27.0
Shields        | 14 18 20 22 25 27 | 27.0
Dodging        | 15 19 22 27 | 27.0
Throwing       | 11 16 19 22 27 | 27.0
Stealth        | 14 20 23 27 | 27.0
Unarmed Combat | 13 18 22 26 27 | 27.0
Spellcasting   | 11 15 17 21 27 | 27.0
Invocations    | 13 18 22 26 27 | 27.0

Action                   |  1- 3 |  4- 6 |  7- 9 | 10-12 | 13-15 | 16-18 | 19-21 | 22-24 | 25-27 || total
-------------------------+-------+-------+-------+-------+-------+-------+-------+-------+-------++-------
Melee: Executioner's axe |     1 |       |       |     1 |     2 |     2 |     3 |     3 |    43 ||    55
Armor: Scale mail        |       |       |       |       |       |       |       |       |     2 ||     2
Dodge: Dodged            |       |       |       |       |       |       |     1 |     2 |    10 ||    13
